 Dungeon Crawl Stone Soup version 0.19-a0-1593-g74e9e56 (webtiles) character file.

257 AlphabetPasta the Slasher (level 5, 0/41 HPs)
             Began as a Mummy Gladiator on Sept 16, 2016.
             Was an Initiate of Kikubaaqudgha.
             Killed from afar by Natasha (5 damage)
             ... with a magic dart
             ... on level 3 of the Dungeon.
             The game lasted 00:05:16 (1774 turns).

AlphabetPasta the Slasher (Mummy Gladiator)         Turns: 1774, Time: 00:05:17

Health: 0/41       AC:  5    Str: 18    XL:     5   Next: 93%
Magic:  7/7        EV: 13    Int:  7    God:    Kikubaaqudgha [......]
Gold:   128        SH:  0    Dex: 14    Spells: 0 memorised, 6 levels left

rFire  x . .     SeeInvis .     a - +0 long sword
rCold  + . .     Gourm    .     b - +0 leather armour
rNeg   + + +     Faith    .     (no shield)
rPois  ∞         Spirit   .     i - +2 hat
rElec  .         Dismiss  .     (no cloak)
rCorr  .         Reflect  .     (no gloves)
MR     .....     Harm     .     (no boots)
Stlth  +.........               (no amulet)
                                (no ring)
                                (no ring)

@: no status effects
A: no food or potions, fire vulnerability, cold resistance 1, negative energy
resistance 3, torment resistance, unbreathing
a: Renounce Religion


You were on level 3 of the Dungeon.
You worshipped Kikubaaqudgha.
Kikubaaqudgha was noncommittal.
You were not hungry.

You visited 1 branch of the dungeon, and saw 3 of its levels.

You collected 128 gold pieces.

Inventory:

Hand Weapons
 a - a +0 long sword (weapon)
Missiles
 d - 3 throwing nets (quivered)
Armour
 b - a +0 leather armour (worn)
 c - a +0 helmet
 i - a +2 hat (worn)
Jewellery
 j - a +5 amulet of reflection
 k - an uncursed amulet of guardian spirit {unknown}
 m - a +2 ring of evasion {unknown}
Wands
 n - a wand of acid (0/15)
Scrolls
 e - a scroll of recharging {unknown}
 f - 2 scrolls of enchant weapon {unknown}
 g - 2 scrolls of identify
 h - 2 scrolls of fear {unknown}
 l - a scroll of amnesia {unknown}


   Skills:
 + Level 3.3 Fighting
 + Level 3.4 Long Blades
 - Level 1.5 Throwing
 + Level 3.2 Dodging
 + Level 1.4 Spellcasting
 * Level 2.6 Necromancy


You had 6 spell levels left.
You didn't know any spells.

Dungeon Overview and Level Annotations

Branches:
Dungeon (3/15)

Altars:
Fedhas
Kikubaaqudgha

Annotations:
D:3 Natasha


Innate Abilities, Weirdness & Mutations

You do not eat or drink.
Your flesh is vulnerable to fire.
You are immune to poison.
Your flesh is cold resistant. (rC+)
You are immune to negative energy. (rN+++)
You are immune to unholy pain and torment.
You can survive without breathing.


Message History

The jackal bites you but does no damage.
As you read the scroll labeled DAWEOM XOURCH, it crumbles to dust.
It is a scroll of identify.
j - a +5 amulet of reflection Something claws you.
* * * LOW HITPOINT WARNING * * *
The jackal bites you.
* * * LOW HITPOINT WARNING * * *
The jackal closely misses you.
You riposte.
You closely miss the jackal.
You hear some strange, mumbled words.
The jackal completely misses you.
You riposte.
You barely miss the jackal. The jackal barely misses you. The jackal bites you.
* * * LOW HITPOINT WARNING * * *
The jackal bites you but does no damage.
You hear some strange, mumbled words.
A magic dart appears from out of thin air!
The magic dart hits you!
You die...
Kikubaaqudgha rasps: "You have failed me!
Welcome... oblivion!"

.. #....# #.....
#..#.#### #.#.##.#
#...##.###
#########
#...##...#
#.......#
#...†..#.###
#.......#
#.#@####..<#
#.......# #..h##
#####
#.......######)..#
#....).........5.#
#######..........#
#..........#
#........#..#
#........#..#
#........##.#


You could see a shadow imp and a jackal.

Vanquished Creatures
  Sigmund (D:3)
  Natasha (twice) (D:3)
  2 adders (D:2)
  A worm (D:2)
  A dart slug (D:1)
  A giant cockroach (D:1)
  10 goblins
  6 hobgoblins
  8 kobolds
  A bat (D:1)
  A frilled lizard (D:2)
  5 rats
39 creatures vanquished.

Vanquished Creatures (others)
  A human (D:2)
1 creature vanquished.

Grand Total: 40 creatures vanquished

Notes
Turn   | Place    | Note
-------+----------+-------------------------------------------
     0 | D:1      | AlphabetPasta the Mummy Gladiator began the quest for the Orb.
     0 | D:1      | Reached XP level 1. HP: 16/16 MP: 1/1
    84 | D:1      | Reached XP level 2. HP: 19/22 MP: 2/2
   762 | D:1      | Reached XP level 3. HP: 24/28 MP: 3/3
   810 | D:2      | Found an ancient bone altar of Kikubaaqudgha.
   820 | D:2      | Noticed a human
   821 | D:2      | Killed a human
   825 | D:2      | Became a worshipper of Kikubaaqudgha
  1002 | D:2      | Found an ancient bone altar of Kikubaaqudgha.
  1004 | D:2      | Found a blossoming altar of Fedhas.
  1587 | D:2      | Reached skill level 1 in Necromancy
  1670 | D:3      | Noticed Natasha
  1678 | D:3      | Killed Natasha
  1678 | D:3      | Reached XP level 4. HP: 32/34 MP: 4/4
  1708 | D:3      | Noticed Sigmund
  1727 | D:3      | Killed Sigmund
  1727 | D:3      | Reached skill level 1 in Spellcasting
  1727 | D:3      | Reached XP level 5. HP: 26/41 MP: 4/6
  1748 | D:3      | Noticed Natasha
  1753 | D:3      | Killed Natasha
  1757 | D:3      | Noticed Natasha
  1774 | D:3      | Killed from afar by Natasha

Vault maps used:
D:1:      tarquinn_simple_flora_water_c, minmay_tetromino_t4
D:2:      grunt_temple_overflow_growth_and_decay, minmay_misc_feat_rows,
          tgw_kikubaaqudgha
D:3:      grunt_dithmenos_smoke, fedhas_altar_1, uniq_natasha, uniq_sigmund,
          uniq_crazy_yiuf_cottage

Skill      XL: |  1  2  3  4 |
---------------+-------------+-----
Long Blades    | 3 |  3.4
Necromancy     | 1 2 |  2.6
Fighting       | 3 |  3.3
Dodging        | 3 |  3.2
Spellcasting   | 1 |  1.4
Throwing       | |  1.5

Action                   |  1- 3 |  4- 6 || total
-------------------------+-------+-------++-------
Melee: Long sword        |   144 |    15 ||   159
Evoke: Wand              |       |     2 ||     2
  Use: Scroll            |       |     1 ||     1
Armor: Leather armour    |    20 |     4 ||    24
Dodge: Dodged            |    71 |     6 ||    77
